Map: Battle on the Boardwalk LE

Players

SamuraiFunn

  • Race: Protoss Protoss
  • League: Platinum
  • Spawn Location: 11:00

A.I. 1 (Elite) - Winner!

  • Race: Terran Terran
  • Spawn Location: 1:00

VOD

Have the link to the VOD?

Description

Time

  • Played on: Nov. 27, 2017, 9:31 p.m.
  • Length: 11:58
Show
View Real Time Build Order
Export as new Build Order

SamuraiFunn Protoss 

Build Orders:  

Get SALT Encoding   

  12  0:01  Probe  
  13  0:13  Probe  
  14  0:19  Pylon  
  14  0:25  Probe  
  15  0:41  Probe  
  16  0:50  Gateway  
  16  0:53  Probe  
  17  0:57  Assimilator  
  17  1:01  Pylon  
  17  1:05  Probe  
  18  1:18  Probe  
  19  1:30  Probe  
  19  1:32  Gateway  
  20  1:39  Assimilator  
  22  1:40  Zealot (Chrono Boost)  
  22  1:42  Probe  
  23  1:54  Probe  
  24  2:06  Nexus  
  24  2:07  Probe  
  25  2:19  Probe  
  26  2:29  Pylon  
  26  2:31  Probe  
  26  2:37  Cybernetics Core  
  27  2:43  Probe  
  28  2:53  Gateway  
  28  2:55  Probe  
  29  3:08  Probe  
  30  3:13  Warp Gate (Chrono Boost)  
  30  3:20  Probe, Twilight Council  
  30  3:24  Probe, Pylon  
  32  3:32  Probe  
  33  3:37  Probe, Robotics Facility  
  34  3:44  Probe  
  34  3:45  Stalker  
  37  3:49  Probe  
  38  3:56  Probe  
  38  3:57  Stalker  
  38  4:01  Probe  
  42  4:08  Probe  
  42  4:09  Stalker  
  45  4:13  Probe  
  46  4:26  Gateway  
  46  4:39  Probe x2  
  48  4:49  Assimilator  
  49  4:52  Probe  
  49  4:53  Probe  
  49  4:59  Assimilator  
  50  5:06  Stalker x3  
  56  5:08  Nexus  
  56  5:09  Blink (Chrono Boost)  
  56  5:12  Pylon  
  56  5:13  Probe x2  
  58  5:15  Pylon  
  58  5:19  Pylon  
  58  5:25  Probe  
  58  5:26  Probe  
  60  5:36  Observer  
  60  5:38  Probe x2  
  63  5:44  Stalker x3  
  69  5:50  Probe x2  
  71  5:57  Observer  
  71  6:02  Probe x2  
  74  6:14  Probe x2  
  74  6:15  Gateway x2  
  74  6:17  Gateway  
  74  6:18  Warp Prism  
  76  6:23  Probe  
  76  6:24  Pylon  
  76  6:25  Pylon  
  79  6:26  Probe x2  
  79  6:30  Pylon  
  81  6:35  Probe  
  82  6:43  Stalker  
  82  6:44  Stalker x2  
  88  6:49  Templar Archives  
  88  6:54  Probe  
  88  6:55  Probe x2  
  91  7:07  Probe x2  
  93  7:10  Forge x2  
  93  7:11  Immortal, Forge  
  97  7:25  Stalker x2  
  97  7:26  Stalker x5  
  111  7:50  Immortal  
  115  7:56  Stalker  
  115  7:57  Stalker x4  
  125  8:06  Pylon  
  125  8:10  Pylon  
  125  8:12  Pylon  
  125  8:16  Protoss Ground Armor Level 1 (Chrono Boost), Protoss Ground Weapons Level 1 (Chrono Boost), Pylon  
  125  8:17  Protoss Shields Level 1 (Chrono Boost)  
  125  8:19  Pylon  
  125  8:48  Stalker x4  
  129  8:49  Stalker x3  
  75  9:21  Stalker x4  
  75  9:22  Stalker x3  
  81  9:37  Gateway  
  81  9:38  Gateway  
  81  9:40  Gateway  
  81  9:42  Gateway  
  81  9:56  Nexus  
  81  9:57  Stalker  
  81  9:58  Stalker x4  
  81  9:59  Pylon, Stalker x2  
  95  10:01  Pylon  
  95  10:22  Stalker x5  
  95  10:23  Stalker  
  95  10:24  Stalker  
  95  10:26  Psionic Storm  
  109  10:47  Assimilator  
  109  10:51  Assimilator  
  109  10:52  Zealot x2  
  109  10:53  Zealot x5  
  123  11:00  Pylon  
  111  11:41  Stalker  
  111  11:42  Stalker x4  
  111  11:43  Stalker x2  
  111  11:44  Stalker x2  
Show
View Real Time Build Order
Export as new Build Order

A.I. 1 (Elite) Terran - Winner!

Build Orders: Bio Tank 

Get SALT Encoding   

  12  0:00  SCV  
  13  0:13  SCV  
  14  0:19  Supply Depot  
  14  0:25  SCV  
  15  0:40  SCV  
  15  0:42  Barracks  
  16  0:52  SCV  
  17  1:04  SCV  
  18  1:16  SCV  
  19  1:19  Command Center  
  19  1:30  Marine  
  20  1:35  Orbital Command  
  20  1:47  Marine  
  20  1:49  Supply Depot  
  20  1:52  Refinery  
  21  2:01  SCV  
  22  2:05  Marine  
  23  2:13  SCV, Barracks  
  24  2:19  Refinery  
  24  2:23  Marine  
  24  2:25  SCV  
  26  2:31  Supply Depot  
  26  2:32  SCV  
  27  2:44  Orbital Command  
  27  2:46  Marine  
  27  2:50  SCV  
  29  3:01  Factory  
  29  3:02  SCV  
  29  3:03  Marine  
  31  3:07  Marine  
  31  3:11  SCV  
  33  3:14  SCV  
  34  3:21  Marine  
  34  3:24  SCV  
  34  3:25  Marine  
  34  3:26  SCV  
  38  3:30  Barracks  
  38  3:36  SCV  
  38  3:38  SCV  
  38  3:40  Barracks Tech Lab  
  40  3:44  Barracks Tech Lab  
  40  3:46  Factory Tech Lab  
  40  3:48  SCV, Supply Depot  
  41  3:50  SCV  
  42  3:58  Marine, Stimpack  
  42  4:00  SCV  
  42  4:02  SCV, Marine  
  45  4:07  Combat Shields  
  45  4:08  Siege Tank  
  49  4:12  SCV  
  49  4:15  SCV  
  49  4:16  Marine  
  49  4:17  Marine  
  52  4:20  Marine  
  52  4:22  Supply Depot  
  54  4:24  SCV  
  54  4:26  Supply Depot  
  54  4:27  SCV  
  56  4:37  Marauder  
  56  4:38  SCV, Marine  
  59  4:41  Marauder  
  59  4:44  SCV, Siege Tank  
  66  4:49  Refinery  
  66  4:51  SCV  
  67  4:56  SCV  
  67  4:58  Marauder, Refinery  
  70  5:00  Supply Depot  
  70  5:02  Marauder  
  70  5:03  SCV  
  73  5:08  SCV  
  74  5:15  SCV  
  74  5:18  Engineering Bay  
  74  5:19  Marauder  
  74  5:20  Engineering Bay  
  74  5:21  SCV  
  78  5:24  Command Center  
  78  5:32  SCV  
  78  5:33  SCV, Supply Depot  
  80  5:38  Marauder  
  80  5:41  Marauder  
  84  5:43  Terran Infantry Weapons Level 1  
  84  5:44  SCV  
  84  5:48  Terran Infantry Armor Level 1  
  84  5:49  Barracks Reactor  
  85  5:54  SCV  
  85  5:55  Siege Tank  
  85  5:56  SCV  
  90  5:58  Supply Depot  
  90  5:59  Marauder  
  90  6:00  Concussive Shells  
  90  6:02  Marauder  
  94  6:12  Missile Turret  
  94  6:14  Missile Turret  
  94  6:21  Barracks, Marauder  
  94  6:22  Supply Depot  
  96  6:27  Siege Tank  
  96  6:29  Starport, Marine  
  100  6:36  SCV x3  
  103  6:42  Marauder  
  105  6:48  SCV  
  105  6:49  SCV  
  105  6:51  SCV  
  108  6:56  Missile Turret  
  108  6:58  Marauder  
  108  7:00  SCV  
  111  7:02  SCV  
  111  7:03  SCV, Siege Tank  
  111  7:05  Medivac  
  111  7:06  Missile Turret  
  118  7:10  Supply Depot  
  118  7:12  SCV  
  118  7:14  SCV  
  120  7:16  Orbital Command  
  120  7:20  Refinery  
  120  7:26  Refinery  
  120  7:27  Missile Turret  
  120  7:30  SCV  
  120  7:31  SCV  
  120  7:33  Supply Depot  
  120  7:35  Siege Tank  
  120  7:36  Starport Tech Lab  
  125  7:42  SCV  
  125  7:43  SCV  
  127  7:47  Armory  
  127  7:48  Missile Turret  
  127  7:55  SCV x2, Medivac  
  127  7:56  SCV  
  132  7:58  Supply Depot  
  132  8:06  Armory  
  132  8:07  Widow Mine  
  132  8:08  Missile Turret  
  132  8:12  Command Center  
  134  8:22  Supply Depot  
  134  8:25  Raven  
  136  8:34  Terran Vehicle Weapons Level 1  
  136  8:36  Widow Mine, Terran Infantry Weapons Level 2  
  138  8:44  Factory  
  138  8:47  Supply Depot  
  138  8:50  Marine  
  138  8:53  Marine, Terran Vehicle And Ship Armor Level 1, Marauder, Missile Turret  
  138  8:55  Starport, Marine  
  138  8:56  Marine  
  130  9:04  Widow Mine  
  130  9:08  Medivac, Marine  
  130  9:09  Hi-Sec Auto Tracking  
  123  9:11  Marine  
  123  9:13  Marine x2  
  123  9:14  Marauder  
  116  9:26  Widow Mine, Marauder  
  116  9:29  Marine  
  116  9:31  Planetary Fortress, Refinery  
  121  9:32  Medivac, Missile Turret  
  121  9:33  Siege Tank  
  121  9:35  Marine, Command Center, Missile Turret  
  121  9:36  Marine x2  
  121  9:37  Raven, Refinery  
  131  9:47  Marine  
  131  9:48  Marine, Barracks  
  133  9:54  Marauder  
  133  9:56  Marine  
  133  9:57  Factory Tech Lab, Marine  
  137  10:02  Starport Reactor  
  137  10:03  Liberator  
  137  10:05  Siege Tank  
  137  10:06  Marauder  
  142  10:07  Barracks Tech Lab  
  142  10:10  Building Armor  
  142  10:14  Marine  
  142  10:15  Marine x2, Cyclone  
  142  10:16  Missile Turret  
  142  10:18  Missile Turret  
  142  10:21  Supply Depot, Liberator  
  151  10:26  Marine, Marauder  
  154  10:32  Marine  
  154  10:33  Marine x2  
  154  10:34  Marine  
  158  10:37  Cyclone  
  158  10:38  Medivac  
  158  10:39  Ghost Academy  
  166  10:44  Marine, Supply Depot  
  166  10:47  Siege Tank  
  166  10:48  Marauder  
  172  10:50  Marine  
  172  10:51  Planetary Fortress  
  172  10:52  Refinery  
  172  10:56  Missile Turret  
  173  11:01  Missile Turret  
  173  11:03  Medivac  
  175  11:06  SCV  
  175  11:08  Viking  
  175  11:09  Ghost, Widow Mine  
  181  11:18  Marine  
  181  11:19  Marine, Siege Tank  
  181  11:21  Viking  
  188  11:30  Refinery  
  188  11:32  Marine  
  189  11:33  Marine  
  189  11:35  Command Center  
  184  11:52  Factory  
Tags
 
Add a new tag
Caveats
  • Supply blocks, unpowered buildings, or Contaminate may cause inaccurate times.
  • Supply counts are checked every 10 seconds.